[Event "Titled Tuesday Blitz September 28 2021"]
[White "Demin, Vladimir"]
[Black "Gelman, Alexander"]
[WhiteFideId "4167457"]
[BlackFideId "4118316"]
[WhiteElo "2505"]
[BlackElo "2375"]
[Result "1-0"]
[Round "05"]
[TimeControl "180+1"]
[Date "2021.09.28"]
[WhiteClock "0:01:04"]
[BlackClock "0:00:13"]

1. e4 c5 2. Nf3 e6 3. c3 d5 4. e5 Nc6 5. d4 Bd7 6. Be2 f6 7. O-O fxe5 8. dxe5 Be7 9. Bd3 Nh6 10. Bxh6 gxh6 11. Qc2 Qc7 12. Re1 O-O-O 13. Nbd2 h5 14. a3 h4 15. h3 Rhg8 16. b4 Rdf8 17. Bf1 Kb8 18. Qxh7 Be8 19. Qc2 Bg6 20. Qa4 Bf5 21. Kh1 d4 22. Nc4 Bxh3 23. b5 Nd8 24. Rab1 Bf5 25. b6 axb6 26. Nxb6 Qxb6 27. Rxb6 h3 28. cxd4 hxg2+ 29. Bxg2 Rh8+ 30. Nh2 Bg5 31. Qd7 Rh7 32. Qd6+ Kc8 33. Qxf8 1-0


[Site "https://www.chess.com"]

[Event "Titled Tuesday Blitz September 28 2021"]
[White "Di Nicolantonio, Lucas"]
[Black "Shkapenko, Pavel"]
[WhiteFideId "680460"]
[BlackFideId "4151933"]
[WhiteElo "2381"]
[BlackElo "2386"]
[Result "1/2-1/2"]
[Round "05"]
[TimeControl "180+1"]
[Date "2021.09.28"]
[WhiteClock "0:00:45"]
[BlackClock "0:00:35"]

1. g3 Nf6 2. Bg2 d5 3. f4 c6 4. Nf3 Bg4 5. Ne5 Bf5 6. d3 Nbd7 7. O-O e6 8. Nc3 Nxe5 9. fxe5 Nd7 10. d4 Bb4 11. e4 Bg6 12. exd5 cxd5 13. Ne2 O-O 14. c3 Be7 15. Nf4 b5 16. Nxg6 hxg6 17. a4 b4 18. c4 dxc4 19. Bxa8 Qxa8 20. Qf3 Nb6 21. Bd2 Qxf3 22. Rxf3 Rd8 23. a5 Nd5 24. Rc1 Rc8 25. h4 f5 26. exf6 gxf6 27. Re1 Kf7 28. g4 c3 29. bxc3 bxc3 30. Bc1 Rc4 31. Re4 e5 32. Rxe5 Rxd4 33. Rxd5 Rxd5 34. Rxc3 Rxa5 35. Be3 Ra4 36. g5 fxg5 37. hxg5 Bxg5 38. Bxg5 Rg4+ 39. Kf2 Rxg5 40. Rc7+ Kf6 41. Rxa7 Rb5 42. Ra4 Rb3 43. Rc4 Kg5 44. Kg2 Kh5 45. Ra4 g5 46. Rc4 g4 47. Rc8 Rb2+ 48. Kg3 Rb3+ 49. Kg2 Rb2+ 50. Kg3 Rb3+ 51. Kg2 1/2-1/2


[Site "https://www.chess.com"]

[Event "Titled Tuesday Blitz September 28 2021"]
[White "Wagner, Dinara"]
[Black "Rozman, Levy"]
[WhiteFideId "24157570"]
[BlackFideId "2039877"]
[WhiteElo "2260"]
[BlackElo "2376"]
[Result "1-0"]
[Round "05"]
[TimeControl "180+1"]
[Date "2021.09.28"]
[WhiteClock "0:00:29"]
[BlackClock "0:01:01"]

1. d4 g6 2. c4 Bg7 3. Nf3 d6 4. g3 Nc6 5. Bg2 Bd7 6. Nc3 Qc8 7. h3 e5 8. d5 Nce7 9. e4 h6 10. Be3 b6 11. b4 a5 12. a3 f5 13. c5 axb4 14. axb4 Rxa1 15. Qxa1 bxc5 16. bxc5 dxc5 17. Bxc5 Nf6 18. Bxe7 Kxe7 19. Nxe5 Nxe4 20. Nxe4 fxe4 21. Nxg6+ Kf7 22. Nxh8+ Qxh8 23. Qa2 Bc3+ 24. Kf1 Qd4 25. Kg1 h5 26. Kh2 h4 27. Qe2 Bf5 28. Rd1 hxg3+ 29. fxg3 Qe5 30. Rf1 Kg7 31. Qh5 Bg6 32. Qxe5+ Bxe5 33. Re1 Bc3 34. Re2 1-0


[Site "https://www.chess.com"]

[Event "Titled Tuesday Blitz September 28 2021"]
[White "Drozdowski, Kacper"]
[Black "Nakamura, Hikaru"]
[WhiteFideId "1136720"]
[BlackFideId "2016192"]
[WhiteElo "2877"]
[BlackElo "3204"]
[Result "0-1"]
[Round "05"]
[TimeControl "180+1"]
[Date "2021.09.28"]
[WhiteClock "0:00:20"]
[BlackClock "0:00:43"]

1. e4 g6 2. d4 Bg7 3. Nc3 a6 4. f4 c6 5. Nf3 d5 6. e5 Bg4 7. h3 Bxf3 8. Qxf3 e6 9. Be3 h5 10. O-O-O h4 11. Bd3 Nd7 12. Ne2 Qc7 13. g4 hxg3 14. Nxg3 c5 15. dxc5 Nxc5 16. Bxc5 Qxc5 17. h4 O-O-O 18. h5 gxh5 19. Nxh5 Bf8 20. f5 Kb8 21. Kb1 Qc7 22. fxe6 fxe6 23. Rhe1 Bh6 24. Qg4 Qe7 25. Rf1 Be3 26. Nf4 Bxf4 27. Qxf4 Qe8 28. Qf7 Nh6 29. Qxe8 Rdxe8 30. Rf4 Ref8 31. Rf6 Rxf6 32. exf6 Rf8 33. Rf1 Kc7 34. c4 Kd6 35. cxd5 exd5 36. Kc2 Ng4 37. Kc3 Rxf6 38. Rg1 Ne5 39. Be2 Rf2 40. Bd1 Nc6 41. Rg6+ Kc5 42. Rg5 b5 43. a3 a5 44. Rh5 b4+ 45. axb4+ axb4+ 46. Kb3 Rd2 47. Bg4 Na5+ 48. Ka2 Nc4 49. Be6 Rxb2+ 50. Ka1 Rd2 0-1


[Site "https://www.chess.com"]

[Event "Titled Tuesday Blitz September 28 2021"]
[White "Dudzinski, Pawel"]
[Black "Paltrinieri, Nicholas"]
[WhiteFideId "1117890"]
[BlackFideId "828262"]
[WhiteElo "2193"]
[BlackElo "2254"]
[Result "0-1"]
[Round "05"]
[TimeControl "180+1"]
[Date "2021.09.28"]
[WhiteClock "0:00:14"]
[BlackClock "0:01:27"]

1. e4 e6 2. d4 d5 3. Nd2 Be7 4. Ngf3 Nf6 5. Bd3 c5 6. exd5 exd5 7. dxc5 O-O 8. Nb3 Nbd7 9. O-O a5 10. a4 Nxc5 11. Nxc5 Bxc5 12. h3 h6 13. Re1 Bd7 14. Be3 Bd6 15. Bd4 Bc6 16. Ne5 Re8 17. f4 Ne4 18. Bxe4 dxe4 19. Qg4 f6 20. Nxc6 bxc6 21. Rad1 Qe7 22. Kf1 Qf7 23. b3 Bb4 24. Re2 Rad8 25. c3 Bxc3 26. Rxe4 Rxe4 27. Bxc3 Rxd1+ 28. Qxd1 Rxf4+ 29. Kg1 Qd5 30. Qc2 Re4 31. Kh2 f5 32. Bb2 f4 33. Qc3 Re7 34. h4 Kh7 35. Qc2+ Qe4 36. Qc3 f3 37. Qxf3 Qxf3 38. gxf3 Re2+ 0-1


[Site "https://www.chess.com"]

[Event "Titled Tuesday Blitz September 28 2021"]
[White "Erdogdu, Mert"]
[Black "Navalgund, Niranjan"]
[WhiteFideId "6301495"]
[BlackFideId "5030854"]
[WhiteElo "2485"]
[BlackElo "2290"]
[Result "1-0"]
[Round "05"]
[TimeControl "180+1"]
[Date "2021.09.28"]
[WhiteClock "0:00:33"]
[BlackClock "0:00:07"]

1. e4 e5 2. Nf3 Nc6 3. Bc4 Nf6 4. d3 h6 5. O-O d6 6. c3 g5 7. a4 Bg4 8. Nbd2 Bg7 9. Re1 O-O 10. Nf1 d5 11. exd5 Nxd5 12. h3 Bh5 13. Ng3 Bg6 14. a5 a6 15. Qb3 Nf4 16. Qxb7 Qd7 17. Qb3 Bxd3 18. Bxf4 Bxc4 19. Qxc4 exf4 20. Ne4 Na7 21. Nc5 Qc6 22. Ne5 Bxe5 23. Rxe5 Rfe8 24. Rae1 Rxe5 25. Rxe5 Qd6 26. Qe4 Rb8 27. b4 Nb5 28. Re8+ Rxe8 29. Qxe8+ Kg7 30. Ne4 Qd5 31. Qg8+ Kxg8 32. Nf6+ Kg7 33. Nxd5 c6 34. c4 Nd6 35. Nc7 Nxc4 36. Nxa6 Na3 37. Nb8 Nb5 38. Nxc6 Kf6 39. a6 Ke6 40. Nd4+ Nxd4 41. a7 f3 42. a8=Q Ne2+ 43. Kf1 fxg2+ 44. Qxg2 1-0


[Site "https://www.chess.com"]

[Event "Titled Tuesday Blitz September 28 2021"]
[White "Eynullayev, Atilla"]
[Black "Gritsenko, Nikolai"]
[WhiteFideId "13413570"]
[BlackFideId "14112493"]
[WhiteElo "1997"]
[BlackElo "2389"]
[Result "0-1"]
[Round "05"]
[TimeControl "180+1"]
[Date "2021.09.28"]
[WhiteClock "0:00:01"]
[BlackClock "0:00:12"]

1. Nf3 d5 2. g3 c6 3. Bg2 Nf6 4. O-O Bg4 5. d3 Nbd7 6. Nbd2 e6 7. b3 Bd6 8. Bb2 O-O 9. h3 Bxf3 10. Bxf3 Be5 11. d4 Bd6 12. c4 Re8 13. Bg2 a5 14. Qc2 a4 15. Rad1 axb3 16. axb3 Ra2 17. Qb1 Qa5 18. e4 Bb4 19. e5 Bxd2 20. exf6 Bh6 21. fxg7 Bxg7 22. Rd3 Ra8 23. Bc3 Qa3 24. Qd1 Nf6 25. Re1 Qa6 26. Rde3 dxc4 27. bxc4 Qxc4 28. Bf1 Qd5 29. Bg2 Qd8 30. d5 Nxd5 31. Bxg7 Nxe3 32. Qxd8+ Rxd8 33. Bf6 Nxg2 34. Kxg2 Re8 35. g4 h6 36. h4 Kh7 37. g5 Kg6 38. Kg3 b5 39. f4 h5 40. Rc1 Rc8 41. Rc5 b4 42. f5+ exf5 43. Bd4 b3 44. Rc3 c5 45. Be5 c4 46. Bf4 b2 0-1


[Site "https://www.chess.com"]

[Event "Titled Tuesday Blitz September 28 2021"]
[White "Gaehwiler, Gabriel"]
[Black "Dzhaparov, Medet"]
[WhiteFideId "1314530"]
[BlackFideId "13803689"]
[WhiteElo "2320"]
[BlackElo "1702"]
[Result "1/2-1/2"]
[Round "05"]
[TimeControl "180+1"]
[Date "2021.09.28"]
[WhiteClock "0:00:28"]
[BlackClock "0:00:09"]

1. d4 Nf6 2. c4 g6 3. g3 Bg7 4. Bg2 d5 5. Nf3 O-O 6. O-O c5 7. cxd5 Nxd5 8. dxc5 Na6 9. e4 Ndb4 10. Qe2 Qd3 11. Qxd3 Nxd3 12. Nc3 Naxc5 13. Rb1 Be6 14. Nd5 Nxe4 15. Nxe7+ Kh8 16. Ng5 Nxc1 17. Nxe4 Ne2+ 18. Kh1 Rfe8 19. Nxg6+ hxg6 20. Nd6 Re7 21. Rfe1 Nd4 22. Nxb7 Rb8 23. Nc5 Bxa2 24. Rxe7 Bxb1 25. Rxa7 Rxb2 26. Rxf7 Bf5 27. h3 Rxf2 28. g4 Rc2 29. gxf5 Rc1+ 30. Bf1 Rxf1+ 31. Kg2 Rxf5 32. Rxf5 Nxf5 33. Ne6 Be5 34. Ng5 Kg7 35. Nf3 Bd6 36. Nd2 Bf4 37. Ne4 Kf7 38. Kf3 Bh6 39. Nc3 Ke6 40. Ne4 Ke5 41. Nc5 Kf6 42. Ne4+ Ke5 43. Nc5 Bg7 44. Kg4 Bh6 45. Nd7+ Ke6 46. Nc5+ Kf7 47. Ne4 Ne3+ 48. Kf3 Nd5 49. Nc5 Kf6 50. Kg4 Ne3+ 51. Kf3 Nf5 52. Kg4 Bf8 53. Ne4+ Kg7 54. Ng5 Be7 55. Ne6+ Kf6 56. Nf4 Nh6+ 57. Kf3 g5 58. Nd5+ Ke6 59. Ne3 Bc5 60. Nc4 Kd5 61. Nd2 Ke5 62. Nb3 Bb6 63. Nd2 Kf5 64. Nc4 Bd4 65. Nd6+ Ke6 66. Ne4 Bf6 67. Nf2 Nf7 68. Ke4 Nd6+ 69. Kf3 Kf5 70. Ng4 Bg7 71. Ne3+ Kg6 72. Ng4 Bd4 73. Kg3 Kf5 74. Kf3 Nc4 75. Nh6+ Kg6 76. Ng4 Ne5+ 77. Nxe5+ Bxe5 78. Kg4 Bf6 79. h4 gxh4 80. Kh3 Kg5 81. Kh2 Kg4 82. Kg2 h3+ 83. Kh2 Kh4 84. Kh1 Kg4 85. Kg1 Kg3 86. Kh1 Be5 87. Kg1 h2+ 88. Kh1 Kh3 1/2-1/2


[Site "https://www.chess.com"]

[Event "Titled Tuesday Blitz September 28 2021"]
[White "Gallego Alcaraz, Andres Felipe"]
[Black "Garrido Outon, Alex"]
[WhiteFideId "4402669"]
[BlackFideId "24516279"]
[WhiteElo "2394"]
[BlackElo "2131"]
[Result "0-1"]
[Round "05"]
[TimeControl "180+1"]
[Date "2021.09.28"]
[WhiteClock "0:00:56"]
[BlackClock "0:00:21"]

1. Nf3 Nf6 2. g3 d6 3. Bg2 e5 4. d3 g6 5. O-O Bg7 6. c4 O-O 7. Nc3 Nc6 8. Rb1 h6 9. b4 Be6 10. b5 Ne7 11. Nd2 Rb8 12. Qa4 Nd7 13. Qxa7 e4 14. Qa3 Ra8 15. Qb3 exd3 16. exd3 Nf5 17. Nf3 Nc5 18. Qc2 Re8 19. Bb2 Nd4 20. Nxd4 Bxd4 21. Ne2 Bxb2 22. Rxb2 Bf5 23. Nc1 Ra3 24. Rd1 Qf6 25. Nb3 Nxd3 26. Rbb1 Nf4 27. Qb2 Ne2+ 28. Kf1 Qxb2 29. Rxb2 Nc3 30. Rdd2 Rxa2 31. Bxb7 Rxb2 32. Rxb2 d5 33. f3 dxc4 34. Nd4 Bd3+ 35. Kf2 Nd1+ 0-1


[Site "https://www.chess.com"]

[Event "Titled Tuesday Blitz September 28 2021"]
[White "Gasanov, Zaur"]
[Black "Indjic, Aleksandar"]
[WhiteFideId "34125970"]
[BlackFideId "911925"]
[WhiteElo "2099"]
[BlackElo "2643"]
[Result "1/2-1/2"]
[Round "05"]
[TimeControl "180+1"]
[Date "2021.09.28"]
[WhiteClock "0:00:05"]
[BlackClock "0:00:32"]

1. d4 d5 2. Nf3 Nf6 3. c4 c6 4. Nc3 dxc4 5. a4 e6 6. e3 c5 7. Bxc4 Nc6 8. O-O a6 9. dxc5 Qxd1 10. Rxd1 Bxc5 11. Bd2 Bb4 12. Rac1 Bd7 13. Be1 Rc8 14. Be2 Ke7 15. Nd4 Nxd4 16. Rxd4 Bc5 17. Rdd1 Bc6 18. Nb5 axb5 19. Rxc5 bxa4 20. Bb4 Ke8 21. Ba3 Rd8 22. Rdc1 Ne4 23. R5c2 f5 24. f3 Nf6 25. Kf2 Kf7 26. Rc5 Rd7 27. R1c2 Rhd8 28. h3 g5 29. g4 Kg6 30. Re5 Bd5 31. gxf5+ exf5 32. Bd3 Be4 33. fxe4 Rxd3 34. exf5+ Kf7 35. Rc7+ R8d7 36. Re7+ Kg8 37. Rexd7 Rxd7 38. Rc8+ Kf7 39. Rf8+ Kg7 40. Rb8 Ne4+ 41. Kf3 Nd2+ 42. Kg4 Nc4 43. Bf8+ Kf7 44. Kxg5 Nxe3 45. Bc5 h6+ 46. Kf4 Nd5+ 47. Ke5 Nc7 48. Rf8+ Kg7 49. f6+ Kg6 50. Rg8+ Kh7 51. Rc8 Rd5+ 52. Ke4 Rd7 53. Ke5 Kg6 54. Rg8+ Kh7 55. Rc8 1/2-1/2


[Site "https://www.chess.com"]

[Event "Titled Tuesday Blitz September 28 2021"]
[White "Hansen, Eric"]
[Black "Rodriguez, Santiago"]
[WhiteFideId "2606771"]
[BlackFideId "3000591"]
[WhiteElo "2568"]
[BlackElo "2256"]
[Result "1-0"]
[Round "05"]
[TimeControl "180+1"]
[Date "2021.09.28"]
[WhiteClock "0:00:48"]
[BlackClock "0:01:18"]

1. Nf3 Nf6 2. g3 e6 3. Bg2 d5 4. O-O Be7 5. d3 O-O 6. Nbd2 c5 7. e4 Nc6 8. e5 Nd7 9. Re1 b5 10. Nf1 Qc7 11. Bf4 Bb7 12. h4 Rfc8 13. c3 a5 14. Ne3 Qd8 15. Ng4 Bf8 16. h5 h6 17. Qd2 Ne7 18. Nh4 b4 19. Rac1 bxc3 20. bxc3 Ba6 21. c4 Rab8 22. cxd5 Nxd5 23. Bxd5 exd5 24. e6 fxe6 25. Bxb8 Nxb8 26. Rxe6 Rc6 27. Rce1 Rxe6 28. Rxe6 Bc8 29. Qe2 Bxe6 30. Qxe6+ Kh7 31. Ne5 Qd6 32. Qf5+ Kg8 33. Qf7+ Kh7 34. Nhg6 1-0


[Site "https://www.chess.com"]

[Event "Titled Tuesday Blitz September 28 2021"]
[White "Harshavardhan G B"]
[Black "Korobov, Anton"]
[WhiteFideId "25059009"]
[BlackFideId "14105730"]
[WhiteElo "1825"]
[BlackElo "2703"]
[Result "0-1"]
[Round "05"]
[TimeControl "180+1"]
[Date "2021.09.28"]
[WhiteClock "0:00:13"]
[BlackClock "0:00:26"]

1. e4 c5 2. Nf3 Nc6 3. d4 cxd4 4. Nxd4 Qb6 5. Nb3 Nf6 6. Nc3 e6 7. Qe2 Qc7 8. f3 Be7 9. Be3 O-O 10. O-O-O a6 11. Qf2 b5 12. Bb6 Qb8 13. g4 b4 14. Na4 d5 15. Kb1 dxe4 16. g5 Nd5 17. fxe4 Nxb6 18. Nxb6 Ra7 19. h4 a5 20. Bb5 Ne5 21. Nxc8 Rxc8 22. Ba4 Rac7 23. Nd4 Nc4 24. g6 Bf6 25. h5 Qb6 26. gxh7+ Kh8 27. h6 e5 28. Qg2 Ne3 29. Qg3 exd4 30. hxg7+ Bxg7 31. Rdg1 Qf6 32. e5 Qxe5 33. Qf3 f5 34. Rh3 f4 35. Rh5 Qf6 36. Rhg5 d3 37. Qe4 Qxb2# 0-1


[Site "https://www.chess.com"]

[Event "Titled Tuesday Blitz September 28 2021"]
[White "Hess, Robert"]
[Black "Devaev, Alexander"]
[WhiteFideId "2022036"]
[BlackFideId "4169395"]
[WhiteElo "2557"]
[BlackElo "2185"]
[Result "1-0"]
[Round "05"]
[TimeControl "180+1"]
[Date "2021.09.28"]
[WhiteClock "0:00:38"]
[BlackClock "0:00:15"]

1. b3 d5 2. Bb2 c5 3. d3 Nc6 4. Nd2 e5 5. h3 Nf6 6. g4 h6 7. Bg2 Be6 8. e3 Bd6 9. Ne2 Qd7 10. f4 Qc7 11. f5 Bd7 12. e4 d4 13. Nf3 Be7 14. Ng3 O-O-O 15. Bc1 Nh7 16. Bd2 Ng5 17. h4 Nxf3+ 18. Qxf3 f6 19. Ke2 Kb8 20. Rh2 b5 21. Rah1 c4 22. g5 hxg5 23. hxg5 Rxh2 24. Rxh2 fxg5 25. Rh7 Bf6 26. Nh5 Rg8 27. bxc4 bxc4 28. dxc4 Qd6 29. c5 Qe7 30. Qb3+ Kc7 31. Qxg8 Qxc5 32. Nxf6 d3+ 33. cxd3 Nd4+ 34. Ke1 Nc2+ 35. Kd1 Bb5 36. Qxg7+ Kb6 37. Qb7# 1-0


[Site "https://www.chess.com"]

[Event "Titled Tuesday Blitz September 28 2021"]
[White "Hjartarson, Johann"]
[Black "Yeletsky, Ivan"]
[WhiteFideId "2300044"]
[BlackFideId "24180327"]
[WhiteElo "2502"]
[BlackElo "2344"]
[Result "1-0"]
[Round "05"]
[TimeControl "180+1"]
[Date "2021.09.28"]
[WhiteClock "0:01:44"]
[BlackClock "0:00:45"]

1. e4 Nf6 2. e5 Nd5 3. d4 d6 4. Nf3 dxe5 5. Nxe5 c6 6. Be2 Bf5 7. O-O Nd7 8. Nf3 e6 9. c4 N5f6 10. Nc3 Bd6 11. h3 O-O 12. Nh4 Bg6 13. Nxg6 hxg6 14. Be3 Qe7 15. a3 e5 16. d5 cxd5 17. Nxd5 Nxd5 18. Qxd5 Nf6 19. Qb5 a6 20. Qb3 Bc5 21. Rfd1 Bxe3 22. Qxe3 Rad8 23. b4 Qe6 24. c5 Nd5 25. Qb3 Nf4 26. Qxe6 Nxe6 27. Bf3 Rb8 28. Rd7 b6 29. c6 Rfc8 30. Bd5 Nf4 31. c7 Rxc7 32. Bxf7+ 1-0


[Site "https://www.chess.com"]

[Event "Titled Tuesday Blitz September 28 2021"]
[White "Holt, Conrad"]
[Black "Tang, Andrew"]
[WhiteFideId "2034387"]
[BlackFideId "2059630"]
[WhiteElo "2871"]
[BlackElo "2970"]
[Result "0-1"]
[Round "05"]
[TimeControl "180+1"]
[Date "2021.09.28"]
[WhiteClock "0:00:01"]
[BlackClock "0:00:07"]

1. d4 d5 2. c4 e6 3. Nc3 Be7 4. cxd5 exd5 5. Bf4 c6 6. e3 Bf5 7. Nge2 Nd7 8. Ng3 Bg6 9. h4 Bxh4 10. Qb3 Bxg3 11. Bxg3 Qb6 12. Qa3 Ne7 13. Be2 Nf5 14. Bf4 Qd8 15. g4 Ne7 16. Rd1 O-O 17. Bg5 Re8 18. e4 f6 19. Bf4 dxe4 20. Qb3+ Kh8 21. Qxb7 Nb6 22. g5 fxg5 23. Be5 Qd7 24. Qa6 Ned5 25. Nxd5 Nxd5 26. Qa3 Nf4 27. Qg3 Qf5 28. Bg4 Qf7 29. Kf1 Nd3 30. Kg1 Nxe5 31. dxe5 Qf4 32. e6 Qf6 33. Rd6 c5 34. e7 Qf7 35. Rxg6 Qxg6 36. Bh5 Qf6 37. Bxe8 Rxe8 38. Qh3 h6 39. Qd7 Rxe7 40. Qd8+ Kh7 41. Qd2 Qd4 42. Qc2 Rf7 43. Rh3 Rf4 44. Re3 c4 45. Kf1 h5 46. Ke1 Kh6 47. Qe2 g6 48. Rc3 Rh4 49. Kf1 e3 50. Rxe3 Qd5 51. Qf3 Qxf3 52. Rxf3 Rf4 53. Ra3 Rf7 54. Rc3 Rb7 55. Rc2 g4 56. Rxc4 Rxb2 57. Ra4 Rb7 58. Kg2 Rf7 59. Kg3 Rf3+ 60. Kg2 Rf7 61. Ra5 h4 62. Ra4 Kh5 63. Ra5+ g5 64. Ra4 h3+ 65. Kg1 Kh4 66. Ra6 g3 67. Rh6+ Kg4 68. fxg3 Kxg3 0-1


[Site "https://www.chess.com"]

[Event "Titled Tuesday Blitz September 28 2021"]
[White "Ibrahimli, Murad"]
[Black "Fier, Alexandr"]
[WhiteFideId "13410229"]
[BlackFideId "2107139"]
[WhiteElo "2109"]
[BlackElo "2569"]
[Result "1/2-1/2"]
[Round "05"]
[TimeControl "180+1"]
[Date "2021.09.28"]
[WhiteClock "0:00:17"]
[BlackClock "0:02:07"]

1. d4 Nf6 2. c4 c5 3. d5 e6 4. Nc3 exd5 5. cxd5 d6 6. e4 g6 7. f4 Bg7 8. Bb5+ Nfd7 9. a4 O-O 10. Nf3 Na6 11. O-O Nb4 12. Re1 a6 13. Bf1 Re8 14. h3 f5 15. a5 fxe4 16. Nxe4 Nf6 17. Nxf6+ Bxf6 18. Bd2 Rxe1 19. Bxe1 Bf5 20. Bxb4 cxb4 21. Nd4 Qd7 22. Rc1 Rc8 23. Nxf5 Qxf5 24. Rxc8+ Qxc8 25. b3 Qc5+ 26. Kh1 Qe3 27. Qg4 Bd4 28. Qe6+ Kg7 29. Qxe3 Bxe3 30. g3 Bd4 31. h4 Bf6 32. Bh3 Bd8 33. Bc8 b6 34. axb6 Bxb6 35. Bxa6 Kf6 36. Bd3 h5 37. Kg2 Bd4 38. Kf3 Bc3 39. Bb5 Be1 40. Be8 Bd2 41. Ke2 Bc3 42. Bd7 Bd4 43. Kf3 Bc3 44. f5 gxf5 45. Be8 Be1 46. Bxh5 Ke5 47. Bf7 Bd2 48. Ke2 Bc3 49. h5 Kf6 50. Bg6 Ke5 51. h6 Kxd5 52. Bxf5 Ke5 53. g4 Kf6 54. h7 Kg7 55. Kd3 Kh8 56. Ke4 Kg7 57. Kd5 Kh8 58. Ke6 Kg7 59. Be4 Bb2 60. Kxd6 Bc3 61. Ke6 Bb2 62. g5 Bc3 63. g6 Bb2 64. Kd5 Bc3 65. Kc4 Kh8 66. Bd3 Kg7 67. Kd5 Kh8 68. Ke6 Kg7 69. Ke7 Bb2 70. Ke6 Bc3 71. h8=Q+ Kxh8 72. Kf7 Bb2 73. Be4 Bc3 74. Bc6 Bb2 75. Bb5 Bc3 76. Bc4 Bb2 77. Bd5 Bc3 78. Bc4 Bb2 79. Bd5 Bc3 80. Bc4 1/2-1/2


[Site "https://www.chess.com"]

[Event "Titled Tuesday Blitz September 28 2021"]
[White "Janaszak, Dawid"]
[Black "Dmitrenko, Viktor"]
[WhiteFideId "1119206"]
[BlackFideId "14110270"]
[WhiteElo "2283"]
[BlackElo "2294"]
[Result "1-0"]
[Round "05"]
[TimeControl "180+1"]
[Date "2021.09.28"]
[WhiteClock "0:00:13"]
[BlackClock "0:00:19"]

1. d4 d5 2. Nf3 Nf6 3. c3 g6 4. Bg5 Bg7 5. Nbd2 O-O 6. e3 b6 7. h3 c5 8. Bd3 Ba6 9. Bxa6 Nxa6 10. Qa4 Nc7 11. O-O h6 12. Bf4 Ne6 13. Bh2 Qd7 14. Qa3 Qb7 15. Ne5 a5 16. Qa4 b5 17. Qc2 Rfc8 18. Rfe1 cxd4 19. exd4 Nxd4 20. Qd3 Nf5 21. Ndf3 Ne4 22. Rad1 Rd8 23. g4 Nfd6 24. Qxd5 Qxd5 25. Rxd5 e6 26. Rd4 Nc5 27. Red1 Ndb7 28. Kf1 Na4 29. Rd7 Rxd7 30. Rxd7 Nd8 31. Rd2 g5 32. a3 Nb7 33. Rd7 Nd8 34. Rd2 Nb7 35. Nc6 Nbc5 36. Nfe5 Bf8 37. Ke2 Ne4 38. Rd7 Nf6 39. Rb7 Nxb2 40. Rxf7 Na4 41. Rxf6 Nxc3+ 42. Kd3 Nd5 43. Rxe6 Bg7 44. Ke4 Nc3+ 45. Kd3 b4 46. axb4 axb4 47. Nxb4 Nd1 48. Ke2 Nc3+ 49. Kd3 Nd1 50. Bg3 Ra3+ 51. Kc2 Nc3 52. Re8+ Kh7 53. Re7 Kg8 54. Nbc6 Ne4 55. Re8+ Kh7 56. Re7 Kg8 57. Nd7 Rc3+ 58. Kd1 Rxc6 59. Rxe4 Rd6+ 60. Bxd6 Kf7 61. Be5 h5 62. Bxg7 hxg4 63. hxg4 Kxg7 64. Re6 Kf7 65. Rf6+ Kg7 66. Rf5 Kg8 67. Ke2 Kg7 68. Ke3 Kg6 69. Ke4 Kg7 70. Ke5 Kh7 71. f4 Kh6 72. fxg5+ Kh7 73. Kf6 Kg8 74. Re5 Kh8 75. g6 Kg8 76. Re8# 1-0


[Site "https://www.chess.com"]

[Event "Titled Tuesday Blitz September 28 2021"]
[White "Jary, Sergey"]
[Black "Rosen, Eric"]
[WhiteFideId "14110350"]
[BlackFideId "2032562"]
[WhiteElo "2260"]
[BlackElo "2362"]
[Result "0-1"]
[Round "05"]
[TimeControl "180+1"]
[Date "2021.09.28"]
[WhiteClock "0:00:07"]
[BlackClock "0:00:36"]

1. e4 e5 2. Nf3 Nf6 3. Nc3 Bc5 4. Nxe5 Nc6 5. Nxc6 dxc6 6. Be2 h5 7. O-O Ng4 8. h3 Qd4 9. Bxg4 hxg4 10. d3 gxh3 11. Be3 Qd6 12. Qf3 hxg2 13. Qxg2 Bh3 14. Qg5 Bg4 15. Bf4 Bf3 16. Qg2 Qg6 17. Bg3 Qxg3 0-1


[Site "https://www.chess.com"]

[Event "Titled Tuesday Blitz September 28 2021"]
[White "Jobava, Baadur"]
[Black "Saravana, Krishnan P."]
[WhiteFideId "13601520"]
[BlackFideId "5018382"]
[WhiteElo "2731"]
[BlackElo "2245"]
[Result "0-1"]
[Round "05"]
[TimeControl "180+1"]
[Date "2021.09.28"]
[WhiteClock "0:01:00"]
[BlackClock "0:00:10"]

1. e4 e6 2. c4 d5 3. cxd5 exd5 4. Qb3 Bc5 5. Nc3 Nf6 6. d4 Bxd4 7. Nf3 Bb6 8. Bg5 dxe4 9. Bc4 O-O 10. Rd1 Nbd7 11. O-O exf3 12. Nd5 fxg2 13. Rfe1 Bxf2+ 14. Kxg2 Bxe1 15. Rxe1 c6 16. Ne7+ Kh8 17. Bxf7 Nc5 18. Qc4 Be6 19. Ng6+ hxg6 20. Qh4+ Nh5 21. Bxd8 Bxf7 22. Be7 Bd5+ 23. Kg1 Nd3 24. Bxf8 Nxe1 25. Bxg7+ Kxg7 26. Qxe1 Rf8 27. Qe5+ Rf6 28. Qb8 Rf7 29. Qxa7 Nf6 30. Qd4 g5 31. a4 Kg6 32. b4 Re7 33. b5 Re4 34. Qd3 Kh6 35. h3 Nh5 36. bxc6 Bxc6 37. Qd6+ Kh7 38. a5 Ra4 39. Kf2 Nf4 40. Kg3 Ne2+ 41. Kf2 Nf4 42. Kg3 Nh5+ 43. Kf2 Kg7 44. Ke3 Nf6 45. Kd3 Nd5 46. Qc5 Kf6 47. Kd2 Ra2+ 48. Kc1 Ke5 49. Kb1 Ra4 50. Kb2 Rb4+ 51. Ka3 Rb5 52. Qa7 b6 53. a6 Ne3 54. Qe7+ Kd4 55. a7 Nc2+ 56. Ka4 Re5+ 57. Kb3 Rxe7 58. a8=Q Bxa8 59. Kxc2 Ra7 0-1


[Site "https://www.chess.com"]

[Event "Titled Tuesday Blitz September 28 2021"]
[White "Karas, Marek"]
[Black "Maze, Sebastien"]
[WhiteFideId "14928558"]
[BlackFideId "613762"]
[WhiteElo "2273"]
[BlackElo "2462"]
[Result "0-1"]
[Round "05"]
[TimeControl "180+1"]
[Date "2021.09.28"]
[WhiteClock "0:00:37"]
[BlackClock "0:01:46"]

1. d4 Nf6 2. c4 g6 3. Nc3 Bg7 4. e4 d6 5. Nf3 O-O 6. Be2 Na6 7. O-O e5 8. Be3 c6 9. d5 Ng4 10. Bg5 f6 11. Bh4 c5 12. Ne1 h5 13. Nd3 Nh6 14. f3 Nf7 15. a3 Bh6 16. Bf2 b6 17. b4 Bd7 18. bxc5 Nxc5 19. Nxc5 bxc5 20. Rb1 f5 21. Rb7 Bc8 22. Rb3 f4 23. Qc2 g5 24. Rfb1 g4 25. Rb8 Rxb8 26. Rxb8 Qc7 27. Qb3 Ng5 28. Ra8 gxf3 29. Bxf3 Nxf3+ 30. gxf3 Bh3 31. Rxf8+ Bxf8 0-1


[Site "https://www.chess.com"]

[Event "Titled Tuesday Blitz September 28 2021"]
[White "Karttunen, Mika"]
[Black "Rudzinska, Michalina"]
[WhiteFideId "502081"]
[BlackFideId "1172883"]
[WhiteElo "2343"]
[BlackElo "1778"]
[Result "1-0"]
[Round "05"]
[TimeControl "180+1"]
[Date "2021.09.28"]
[WhiteClock "0:00:12"]
[BlackClock "0:00:19"]

1. e4 c5 2. Nf3 d6 3. d4 cxd4 4. Nxd4 Nf6 5. Nc3 a6 6. Bg5 e6 7. f4 Be7 8. Qf3 Qc7 9. O-O-O Nbd7 10. g4 h6 11. Bxf6 Bxf6 12. h4 Nb6 13. g5 Bxd4 14. Rxd4 Qc5 15. Rd2 Bd7 16. g6 fxg6 17. Qg3 O-O-O 18. Bd3 g5 19. h5 gxf4 20. Qxf4 Bc6 21. Rg2 Rd7 22. Rf1 Qe5 23. Qg4 Kb8 24. Kb1 Re7 25. a3 Nd7 26. Qh4 Nf6 27. Rh2 Rhe8 28. Rg1 d5 29. exd5 exd5 30. Rd2 d4 31. Ne2 Bf3 32. Nxd4 Bxh5 33. Bxa6 Qc5 34. Bb5 Re4 35. Qh2+ R8e5 36. c3 Bf7 37. Bd3 Re1+ 38. Rxe1 1-0


[Site "https://www.chess.com"]

[Event "Titled Tuesday Blitz September 28 2021"]
[White "Kiselev, Vitaliy"]
[Black "Kosakowski, Jakub"]
[WhiteFideId "4194128"]
[BlackFideId "1185080"]
[WhiteElo "2444"]
[BlackElo "2340"]
[Result "1-0"]
[Round "05"]
[TimeControl "180+1"]
[Date "2021.09.28"]
[WhiteClock "0:00:42"]
[BlackClock "0:00:01"]

1. e4 c5 2. Nc3 Nc6 3. Bb5 Nd4 4. Nf3 e6 5. O-O a6 6. Bd3 Nc6 7. e5 d5 8. exd6 Bxd6 9. Ne4 Nf6 10. b3 O-O 11. Nxd6 Qxd6 12. Bb2 e5 13. Ng5 Bg4 14. Bxh7+ Nxh7 15. Qxg4 Qg6 16. h4 Qxc2 17. Bc3 Nf6 18. Qc4 Nd4 19. Qxc5 Ne2+ 20. Kh1 Rfe8 21. Qc4 Nf4 22. Qxf7+ Kh8 23. Qc4 Qf5 24. Rae1 Rac8 25. Qf7 Qg4 26. g3 N6d5 27. Rxe5 Rxe5 28. Bxe5 Nh5 29. Qxd5 Rf8 30. Qd4 1-0


[Site "https://www.chess.com"]